 Dungeon Crawl Stone Soup version 0.28.0-49-g6dfe1f597d (console) character file.

Game seed: 5579113049639172340

11574 Faeu the Cleaver (level 11, -6/154 HPs)
             Began as a Minotaur Berserker on May 14, 2022.
             Was an Elder of Trog.
             Mangled by an entropy weaver simulacrum (24 damage)
             ... in an ice cave.
             The game lasted 00:31:06 (10241 turns).

Faeu the Cleaver (Minotaur Berserker)              Turns: 10241, Time: 00:31:06

Health: -6/154     AC: 15    Str: 26    XL:     11   Next: 51%
Magic:  10/10      EV: 17    Int:  4    God:    Trog [****..]
Gold:   481        SH:  0    Dex: 10    Spells: 10/10 levels left

rFire   . . .      SeeInvis +   f - +2 hand axe (vorpal) {axe}
rCold   . . .      Faith    .   (no shield)
rNeg    . . .      Spirit   .   L - +3 scale mail {rPois}
rPois   +          Reflect  .   (helmet restricted)
rElec   .          Harm     .   (no cloak)
rCorr   .          Rampage  .   (no gloves)
Will    .....                   n - +2 pair of boots
Stlth   ..........              N - amulet of the acrobat
HPRegen 0.35/turn               E - +4 ring of evasion
MPRegen 0.12/turn               y - ring of see invisible

@: berserking, very quick
A: horns 2, retaliatory headbutt
a: Renounce Religion, Berserk, Trog's Hand, Brothers in Arms


You were in an ice cave.
You worshipped Trog.
Trog was greatly pleased with you.
You visited 3 branches of the dungeon, and saw 11 of its levels.
You also visited: Bailey and Ice Cave.

You collected 481 gold pieces.


Innate Abilities, Weirdness & Mutations

You have a pair of horns on your head.
You reflexively headbutt those who attack you in melee.


   Skills:
 + Level 11.6 Fighting
 + Level 11.7 Axes
 + Level 11.3 Armour
 + Level 10.3 Dodging


You had 10 spell levels left.
You didn't know any spells.
Your spell library contained the following spells:

 Spells                   Type           Power      Damage    Failure   Level
 Sandblast                Erth           0%         2d4       73%         1
 Summon Small Mammal      Summ           0%         N/A       73%         1
 Passwall                 Tmut/Erth      0%         N/A       86%         2
 Static Discharge         Conj/Air       0%         N/A       86%         2
 Sublimation of Blood     Necr           0%         N/A       86%         2
 Wereblood                Tmut           0%         N/A       86%         2
 Call Canine Familiar     Summ           0%         N/A       97%         3
 Stone Arrow              Conj/Erth      0%         3d7       97%         3
 Summon Guardian Golem    Hex/Summ       0%         N/A       97%         3
 Alistair's Intoxication  Tmut/Pois      0%         N/A       100%        5
 Borgnjor's Vile Clutch   Necr/Erth      0%         N/A       100%        5
 Lightning Bolt           Conj/Air       0%         1d11      100%        5
 Eringya's Noxious Bog    Tmut/Pois      0%         N/A       100%        6
 Summon Hydra             Summ           0%         N/A       100%        7
 Maxwell's Capacitive Co  Air            0%         ∞         100%        8

Inventory:

Hand Weapons
 a - a +0 hand axe {axe}
 d - a +3 hand axe {axe}
   (You found it on level 1 of the Dungeon)
 f - a +2 vorpal hand axe (weapon) {axe}
   (You took it off a human in a bailey)
 s - a +2 war axe of flaming {axe}
   (You found it on level 4 of the Dungeon)
 B - a +0 dagger of protection {short}
   (You took it off an orc wizard on level 6 of the Dungeon)
 I - a +3 short sword {short}
   (You took it off a kobold brigand on level 7 of the Dungeon)
 P - the +2 dagger "Ogiblaf" {chaos, rF+ Int-3 Dex+4, short}
   (You found it on level 1 of the Lair of Beasts)

   Each time it hits an enemy it has a different, random effect.
   Int:       It affects your intelligence (-3).
   Dex:       It affects your dexterity (+4).
   rF:        It protects you from fire.
Missiles
 J - 10 poisoned darts (quivered) {throwing}
Armour
 b - a +0 animal skin
 g - a +2 ring mail of poison resistance
   (You found it on level 1 of the Dungeon)
 n - a +2 pair of boots (worn)
   (You found it on level 3 of the Dungeon)
 L - a +3 scale mail of poison resistance (worn)
   (You took it off Harold on level 7 of the Dungeon)
 O - a +0 plate armour
   (You took it off an orc warrior on level 8 of the Dungeon)
Jewellery
 m - a ring of positive energy
   (You found it on level 3 of the Dungeon)
 y - a ring of see invisible (right hand)
   (You found it on level 4 of the Dungeon)
 E - a +4 ring of evasion (left hand)
   (You found it on level 6 of the Dungeon)
 N - an amulet of the acrobat (around neck)
   (You found it on level 8 of the Dungeon)
Wands
 q - a wand of paralysis (20)
   (You found it on level 4 of the Dungeon)
 C - a wand of polymorph (7)
   (You took it off an orc on level 6 of the Dungeon)
 M - a wand of acid (6)
   (You found it on level 9 of the Dungeon)
Scrolls
 c - 3 scrolls of blinking {!r}
 h - 2 scrolls of brand weapon
 i - 2 scrolls of immolation {!r!r}
 p - a scroll of holy word {unknown}
 r - a scroll of torment {unknown}
 u - 2 scrolls of noise {!r}
 x - a scroll of fog {unknown}
 z - a scroll of fear {unknown}
 A - 3 scrolls of teleportation {@r4}
 D - a scroll of vulnerability {unknown}
 F - a scroll of amnesia {unknown}
 G - a scroll of summoning {unknown}
 K - a scroll of enchant armour {unknown}
Potions
 e - a potion of lignification {unknown}
 j - a potion of flight {unknown}
 k - 2 potions of might
 l - 2 potions of degeneration {unknown}
 o - 4 potions of attraction {!q}
 t - 6 potions of heal wounds {@q2}
 v - 2 potions of brilliance {unknown}
 w - 3 potions of curing {@q1}
 H - a potion of cancellation {unknown}

Dungeon Overview and Level Annotations

Branches:
Dungeon (9/15)             Temple (0/1) D:4            Lair (1/6) D:9
    Orc (1/2) D:9          Bailey (visited)           IceCv (1/1)

Altars:
Makhleb
Nemelex Xobeh
Ru
Zin

#..## ###
#..#
##.####.##
#...##..#
#∩∩.....#
#...##..#
##.####.##
### #..#
#..# ##.##
#.@# #.Z#
##.. #.(.
##... #(.#
... ((..


You could see an entropy weaver simulacrum.


Message History

The slime creature hits you but does no damage.
The slime creature barely misses you.
You hit the slime creature. You headbutt the slime creature.
You slash the slime creature!
The slime creature hits you but does no damage.
The slime creature misses you. You furiously retaliate!
You headbutt the slime creature. You hit the slime creature.
You headbutt the slime creature!
You kill the slime creature!
Trog accepts your kill.
You barely miss the slime creature. You slash the large slime creature!
You slash the slime creature! The slime creature barely misses you.
The large slime creature misses you.
A red film seems to cover your vision as you go berserk!
You feel yourself moving faster!
You feel mighty!
The slime creature hits you but does no damage.
A large slime creature splits. 😕 HP[+48]
You now have 153 max hp (+51).
You regained 48 hp, and now have 141/153 hp.
You slash the slime creature! You barely miss the slime creature.
You slash the slime creature! You slice the slime creature!!
You hit the slime creature. x2
The slime creature closely misses you.
The slime creature hits you but does no damage.
You slash the slime creature! You headbutt the slime creature.
You feel the power of Trog in you as your rage grows.
You kill the slime creature!
Trog accepts your kill.
You hit the slime creature. You slash the slime creature!
The slime creature closely misses you.
You slash the slime creature!
You kill the slime creature!
Trog accepts your kill.
You slash the slime creature! 😕 HP[+1]
You now have 154 max hp (+1).
You slice the slime creature!!
You kill the slime creature!
Trog accepts your kill. 😕 HP[+1]
You feel a strong urge to attack something.
You feel your anger nearly subside.
You are no longer berserk.
You are exhausted.
You feel yourself slow down. 😕 HP[-47]
You now have 103 max hp (-51). 😕 HP[+1]
You start resting.
HP restored. 😎 HP[+6]
You start waiting.
You feel yourself speed up.
You recover from your berserk rage.
Done waiting.
A glowing shapeshifter simulacrum comes into view.
You slash the glowing shapeshifter simulacrum!
The glowing shapeshifter simulacrum completely misses you.
You slash the glowing shapeshifter simulacrum!
You slash the glowing shapeshifter simulacrum!
Trog accepts your kill.
Really walk into that cloud of freezing vapour?
Okay, then.
An entropy weaver simulacrum comes into view.
You throw a poisoned dart {throwing}.
The poisoned dart {throwing} closely misses the entropy weaver simulacrum.
You throw a poisoned dart {throwing}.
The poisoned dart {throwing} hits the entropy weaver simulacrum.
You throw a poisoned dart {throwing}.
The poisoned dart {throwing} closely misses the entropy weaver simulacrum.
You throw a poisoned dart {throwing}.
The poisoned dart {throwing} hits the entropy weaver simulacrum.
You hit the entropy weaver simulacrum. The entropy weaver simulacrum hits you.
The entropy weaver simulacrum freezes you!!!
The entropy weaver simulacrum closely misses you.
The entropy weaver simulacrum hits you but does no damage.
The entropy weaver simulacrum hits you!
The entropy weaver simulacrum freezes you!
* * * LOW HITPOINT WARNING * * *
😨 HP[-64]
You take 64 damage, and now have 39/103 hp.
MASSIVE DAMAGE!! (PAUSE)
A red film seems to cover your vision as you go berserk!
You feel yourself moving faster!
You feel mighty!
The entropy weaver simulacrum hits you but does no damage.
The entropy weaver simulacrum misses you. x2
The entropy weaver simulacrum hits you.
* * * LOW HITPOINT WARNING * * *
The entropy weaver simulacrum freezes you!!
* * * LOW HITPOINT WARNING * * *
😱 HP[-12]
You now have 154 max hp (+51).
You hit the entropy weaver simulacrum.
You headbutt the entropy weaver simulacrum!
You slash the entropy weaver simulacrum!
Your headbutt misses the entropy weaver simulacrum.
The entropy weaver simulacrum hits you!
* * * LOW HITPOINT WARNING * * *
The entropy weaver simulacrum freezes you!!
You die...

Skill      XL: |  1  2  3  4  5  6  7  8  9 10 11 |
---------------+----------------------------------+-----
Fighting       | 4 5 6 8 9 10 11 | 11.6
Axes           | 4 5 6 8 9 10 11 | 11.7
Armour         | 3 4 5 6 7 9 10 11 | 11.3
Dodging        | 3 4 5 6 8 9 10 | 10.3

Action                   |  1- 3 |  4- 6 |  7- 9 | 10-12 || total
-------------------------+-------+-------+-------+-------++-------
Melee: Hand axe          |    77 |   101 |   276 |   272 ||   726
       Headbutt          |     8 |    15 |    77 |    61 ||   161
       Punch             |     3 |       |       |     5 ||     8
Throw: Dart              |       |       |       |    20 ||    20
Invok: Berserk           |       |     1 |     2 |     8 ||    11
Evoke: Wand              |       |       |       |     4 ||     4
  Use: Scroll            |       |       |       |    10 ||    10
       Potion            |       |       |       |     1 ||     1
Armor: Animal skin       |     9 |       |       |       ||     9
       Ring mail         |    20 |    38 |    57 |       ||   115
       Scale mail        |       |       |    19 |    22 ||    41
       Plate armour      |       |       |       |    81 ||    81
Dodge: Dodged            |    47 |    58 |   216 |   201 ||   522

Levels and vault maps discovered:
D:1:      minmay_arrival_hallway, layout_rooms,
          hellmonk_ecumenical_altar_run_dry, minmay_door_square, minivault_26,
          minmay_pentomino_u4
D:2:      layout_loops_corners
D:3:      layout_rooms
D:4:      layout_basic, makhleb_altar_promises_db, minmay_temple_entry_slanted
D:5:      layout_basic
D:6:      layout_loops_cross, lemuel_coloured_pillars_altar, minivault_26
D:7:      layout_loops_ring, general_overflow_altar, lemuel_flame_loot_1,
          uniq_harold
D:8:      layout_loops_ring, zin_scriptorium, minmay_radiant
D:9:      minmay_ornate_pinched, layout_cave_pools, enter_bailey_5, hex_large,
          minmay_stone_trees_small
Lair:1:   layout_cellular_growth, portal_ice_cave_entry_ice_simulacra,
          grunt_megastairs_1, infiniplex_staircase_pool_2
Orc:1:    layout_caves, basic_altar, uniq_snorg
IceCv:    ice_cave_hellmonk_azure_passage

Notes
Turn   | Place    | Note
-------+----------+-------------------------------------------
     0 | D:1      | Faeu the Minotaur Berserker began the quest for the Orb.
     0 | D:1      | Reached XP level 1. HP: 19/19 MP: 0/0
     0 | D:1      | magus.rc [v1.9.6]
     3 | D:1      | You pick up a book of Lightning {forbidden} and begin
                  | reading...
     3 | D:1      | You add the spells Static Discharge, Lightning Bolt and
                  | Maxwell's Capacitive Coupling to your library.
   124 | D:1      | Reached XP level 2. HP: 27/27 MP: 1/1
   213 | D:1      | Found a faded altar of an unknown god.
   223 | D:1      | HP: 6/27 [bat (1)]
   567 | D:1      | Reached skill level 4 in Fighting
   567 | D:1      | Reached skill level 4 in Axes
   567 | D:1      | Reached skill level 3 in Armour
   696 | D:1      | Reached XP level 3. HP: 29/33 MP: 2/2
  1634 | D:2      | Reached skill level 3 in Dodging
  1634 | D:2      | Reached XP level 4. HP: 38/41 MP: 3/3
  1855 | D:3      | Reached ** piety under Trog
  2056 | D:3      | You pick up a book of Callings {forbidden} and begin
                  | reading...
  2056 | D:3      | You add the spells Summon Small Mammal, Call Canine
                  | Familiar and Summon Guardian Golem to your library.
  2342 | D:4      | Reached XP level 5. HP: 47/47 MP: 4/4
  2453 | D:4      | Reached skill level 4 in Armour
  2535 | D:4      | Reached skill level 5 in Fighting
  2535 | D:4      | Reached skill level 5 in Axes
  2542 | D:4      | Found a staircase to the Ecumenical Temple.
  2585 | D:4      | You pick up a book of Blood {forbidden} and begin
                  | reading...
  2585 | D:4      | You add the spells Sublimation of Blood, Wereblood and
                  | Summon Hydra to your library.
  2643 | D:4      | Reached XP level 6. HP: 53/56 MP: 5/5
  3053 | D:4      | Found a burning altar of Makhleb.
  3053 | D:4      | Noticed an Executioner
  3056 | D:4      | Noticed a smoke demon
  3056 | D:4      | Noticed a neqoxec
  3057 | D:4      | You pick up a book of Geomancy {forbidden} and begin
                  | reading...
  3057 | D:4      | You add the spells Sandblast, Passwall and Stone Arrow to
                  | your library.
  3256 | D:5      | Entered Level 5 of the Dungeon
  3267 | D:5      | Noticed an acid dragon
  3273 | D:5      | Reached skill level 4 in Dodging
  3276 | D:5      | Killed an acid dragon
  3277 | D:5      | Reached skill level 5 in Armour
  3277 | D:5      | Reached XP level 7. HP: 62/62 MP: 6/6
  3447 | D:5      | Reached skill level 6 in Fighting
  3447 | D:5      | Reached skill level 6 in Axes
  3471 | D:6      | Reached skill level 5 in Dodging
  3710 | D:6      | Reached *** piety under Trog
  3870 | D:6      | Reached skill level 6 in Armour
  3870 | D:6      | Reached XP level 8. HP: 56/71 MP: 7/7
  3998 | D:6      | Found a sparkling altar of Nemelex Xobeh.
  4366 | D:6      | Reached skill level 7 in Axes
  4372 | D:6      | Reached skill level 7 in Fighting
  4587 | D:6      | Reached skill level 6 in Dodging
  4866 | D:5      | Reached skill level 7 in Armour
  5306 | D:5      | You add the spells Alistair's Intoxication, Borgnjor's Vile
                  | Clutch and Eringya's Noxious Bog to your library.
  5822 | D:7      | Noticed a kobold demonologist
  5835 | D:7      | Killed a kobold demonologist
  5836 | D:7      | Reached skill level 8 in Fighting
  5836 | D:7      | Reached skill level 8 in Axes
  5836 | D:7      | Reached XP level 9. HP: 81/81 MP: 8/8
  5885 | D:7      | Reached skill level 7 in Dodging
  5977 | D:7      | Found a sacrificial altar of Ru.
  6047 | D:7      | Noticed Harold
  6061 | D:7      | Killed Harold
  6062 | D:7      | Reached skill level 8 in Armour
  6066 | D:7      | Reached skill level 9 in Axes
  6094 | D:7      | Reached skill level 9 in Fighting
  6230 | D:7      | Reached **** piety under Trog
  7058 | D:8      | Reached skill level 8 in Dodging
  7276 | D:8      | Reached skill level 9 in Armour
  7287 | D:8      | Reached XP level 10. HP: 88/91 MP: 9/9
  7385 | D:8      | Noticed a centaur warrior
  7850 | D:8      | Killed a centaur warrior
  7851 | D:8      | Reached skill level 10 in Fighting
  7851 | D:8      | Reached skill level 10 in Axes
  7864 | D:8      | HP: 23/93 [wraith (3)]
  7869 | D:8      | HP: 16/93 [wraith (5)]
  7876 | D:8      | HP: 8/93 [wraith (10)]
  8344 | D:9      | Reached skill level 9 in Dodging
  8355 | D:9      | Found a staircase to the Orcish Mines.
  8358 | D:9      | Found a flagged portal.
  8373 | Bailey   | Entered a bailey
  8448 | Bailey   | Reached skill level 10 in Armour
  8558 | Bailey   | Noticed a vault guard
  8569 | Bailey   | Noticed Prince Ribbit
  8575 | Bailey   | Killed a vault guard
  8584 | Bailey   | Killed Prince Ribbit
  8585 | Bailey   | Reached XP level 11. HP: 37/101 MP: 10/10
  8817 | Bailey   | Noticed a vault guard
  8855 | Bailey   | Killed a vault guard
  8856 | Bailey   | Reached skill level 11 in Fighting
  8856 | Bailey   | Reached skill level 11 in Axes
  9233 | D:9      | Found a staircase to the Lair.
  9580 | D:8      | Found a glowing silver altar of Zin.
  9670 | Orc:1    | Entered Level 1 of the Orcish Mines
  9710 | Lair:1   | Entered Level 1 of the Lair of Beasts
  9749 | Lair:1   | Reached skill level 10 in Dodging
  9760 | Lair:1   | Reached skill level 11 in Armour
  9887 | Lair:1   | Identified the +2 dagger "Ogiblaf" {chaos, rF+ Int-3 Dex+4}
  9903 | Lair:1   | Found a frozen archway.
  9920 | IceCv    | Entered an ice cave
 10239 | IceCv    | HP: 27/154 [entropy weaver simulacrum (26)]
 10241 | IceCv    | Mangled by an entropy weaver simulacrum

Vanquished Creatures
  Harold (D:7)
  2 vault guards (Bailey)
  A centaur warrior (D:8)
  A cane toad (Lair:1)
  A kobold demonologist (D:7)
  A komodo dragon (D:7)
  A troll (D:9)
  Prince Ribbit (Bailey)
  4 slime creatures (IceCv)
  9 yaks
  A shadow (D:7)
  2 wraiths
  4 humans (Bailey)
  A death yak simulacrum (Lair:1)
  3 acid dragons
  A water moccasin (D:5)
  4 orc warriors
  2 ice beasts
  3 ogres
  4 wolves (Lair:1)
  3 centaurs
  2 necrophages
  2 kobold brigands (D:7)
  13 bullfrogs
  A gnoll sergeant (D:9)
  2 wyvern zombies (D:8)
  2 glowing shapeshifter simulacra (IceCv)
  4 scorpions
  6 killer bees
  A howler monkey (D:9)
  3 centaur zombies
  3 jellies
  2 bullfrog zombies (D:5)
  2 centaur skeletons
  3 orc priests
  2 hounds (D:6)
  3 bullfrog skeletons
  An iguana (D:5)
  7 orc wizards
  A killer bee zombie (D:7)
  A howler monkey zombie (D:9)
  3 gnolls (D:9)
  11 adders
  An adder skeleton (D:4)
  5 worms
  3 dart slugs
  31 orcs
  3 ball pythons
  6 bats
  11 endoplasms
  6 giant cockroaches
  9 goblins
  4 hobgoblins
  5 quokkas
  5 frilled lizards
  14 kobolds
  6 rats
234 creatures vanquished.

Vanquished Creatures (others)
  2 plants (Lair:1)
2 creatures vanquished.

Grand Total: 236 creatures vanquished

Table legend:
 A = Non-vault XP
 B = Vault XP
 C = Vault XP percentage of total XP
 D = Non-vault monster count
 E = Vault monster count
 F = Vault count percentage of total count
                 A         B        C        D         E       F
            +---------+---------+-------+---------+---------+-------
      Total |    8254 |    8281 |  50.1 |     187 |      47 |  20.1
            +---------+---------+-------+---------+---------+-------
        D:1 |      35 |       6 |  14.6 |      18 |       4 |  18.2
        D:2 |      82 |       0 |   0.0 |      18 |       0 |   0.0
        D:3 |      71 |       0 |   0.0 |      26 |       0 |   0.0
        D:4 |     205 |       0 |   0.0 |      12 |       0 |   0.0
        D:5 |    1214 |       0 |   0.0 |      28 |       0 |   0.0
        D:6 |    1037 |       0 |   0.0 |      21 |       0 |   0.0
        D:7 |    1507 |    1459 |  49.2 |      24 |       3 |  11.1
        D:8 |    1710 |    1078 |  38.7 |      20 |       2 |   9.1
        D:9 |     484 |     680 |  58.4 |      10 |       9 |  47.4
     Lair:1 |    1653 |     186 |  10.1 |       9 |       1 |  10.0
     Bailey |       0 |    3932 | 100.0 |       0 |      23 | 100.0
      IceCv |     256 |     940 |  78.6 |       1 |       5 |  83.3
            +---------+---------+-------+---------+---------+-------

Illustrated notes

Table legend:
 A = Kills in this place as a percentage of kills in entire the game.
 B = Kills by you in this place as a percentage of kills by you in the entire game.
 C = Kills by friends in this place as a percentage of kills by friends in the entire game.
 D = Other kills in this place as a percentage of other kills in the entire game.
 E = Experience gained in this place as a percentage of experience gained in the entire game.
 F = Experience gained in this place divided by the number of levels of this place that you have seen.
                   A       B       C       D       E      F
               +-------+-------+-------+-------+-------+----------------------
         Total | 100.0 | 100.0 |   N/A |   N/A | 100.0 | 1271.9
       Dungeon |  83.3 |  83.3 |   N/A |   N/A |  57.9 | 1063.1
          Lair |   4.3 |   4.3 |   N/A |   N/A |  11.1 | 1839.0
        Bailey |   9.8 |   9.8 |   N/A |   N/A |  23.8 | 3932.0
      Ice Cave |   2.6 |   2.6 |   N/A |   N/A |   7.2 | 1196.0
               +-------+-------+-------+-------+-------+----------------------

Table legend: (Time is in decaauts)
 A = Elapsed time spent in this place.
 B = Non-inter-level travel time spent in this place.
 C = Inter-level travel time spent in this place.
 D = Time resting spent in this place.
 E = Time spent auto-exploring this place.
 F = Levels seen in this place.
 G = Mean time per level.
                   A        B        C        D        E       F      G
               +--------+--------+--------+--------+--------+-----+--------+
         Total |  10250 |  10001 |    249 |   2356 |   5298 |  13 |  788.5 |
       Dungeon |   8959 |   8713 |    246 |   1652 |   5189 |   9 |  995.4 |
          Lair |    203 |    203 |      0 |    109 |      0 |   1 |  203.0 |
  Orcish Mines |      8 |      5 |      3 |      0 |      0 |   1 |    8.0 |
        Bailey |    755 |    755 |      0 |    348 |    109 |   1 |  755.0 |
      Ice Cave |    323 |    323 |      0 |    247 |      0 |   1 |  323.0 |
               +--------+--------+--------+--------+--------+-----+--------+

Top non-repeatable levels by time:
     D:7: 1439 daAuts
     D:8: 1396 daAuts
     D:6: 1364 daAuts
     D:5: 1080 daAuts
     D:4: 1062 daAuts
     D:1: 1031 daAuts
     D:2: 801 daAuts
  Bailey: 755 daAuts
     D:3: 479 daAuts
   IceCv: 323 daAuts
     D:9: 303 daAuts
  Lair:1: 203 daAuts
   Orc:1: 8 daAuts
